 Dungeon Crawl Stone Soup version 0.19.1 (webtiles) character file.

170 jerryfan the Stinger (level 5, -1/36 HPs)
             Began as a Formicid Venom Mage on Dec 2, 2016.
             Slain by a gnoll
             ... wielding a +0 spear
              (4 damage)
             ... on level 3 of the Dungeon.
             The game lasted 00:18:44 (2931 turns).

jerryfan the Stinger (Formicid Venom Mage)          Turns: 2931, Time: 00:18:45

Health: -1/36      AC:  2    Str: 10 (13) XL:     5   Next: 80%
Magic:  15/19      EV: 12    Int: 12 (15) God:
Gold:   128        SH:  0    Dex:  8 (11) Spells: 2 memorised, 6 levels left

rFire  . . .     SeeInvis +     e - +0 dagger (curse)
rCold  . . .     Gourm    .     a - +0 robe
rNeg   . . .     Faith    .     (no shield)
rPois  .         Spirit   .     (helmet unavailable)
rElec  .         Reflect  .     (no cloak)
rCorr  .         Harm     .     (no gloves)
MR     .....                    (no boots)
Stlth  ++........               (no amulet)
                                (no ring)
                                l - ring of magical power

@: very slightly contaminated
A: permanent stasis, dig shafts and tunnels, four strong arms, antennae 3
a: Dig, Shaft Self


You were on level 3 of the Dungeon.
You were very hungry.

You visited 1 branch of the dungeon, and saw 3 of its levels.

You collected 128 gold pieces.

Inventory:

Hand Weapons
 d - a +0 whip
 e - a cursed +0 dagger (weapon)
 i - a +0 whip of venom
Missiles
 j - 7 tomahawks (quivered)
Armour
 a - a +0 robe (worn)
Jewellery
 l - a ring of magical power (left hand)
Scrolls
 f - 2 scrolls of recharging
Books
 b - a Young Poisoner's Handbook

   Spells                             Type                      Level
   a - Sting                          Conjuration/Poison           1
   b - Mephitic Cloud                 Conjuration/Poison/Air       3
   c - Olgreb's Toxic Radiance        Poison                       4
   d - Alistair's Intoxication        Transmutation/Poison         5
   e - Venom Bolt                     Conjuration/Poison           5
 m - a book of Changes

   Spells                             Type                      Level
   a - Beastly Appendage              Transmutation                1
   b - Sticks to Snakes               Transmutation                2
   c - Spider Form                    Transmutation/Poison         3
   d - Ice Form                       Ice/Transmutation            4
   e - Blade Hands                    Transmutation                5
Comestibles
 c - 2 bread rations
 g - a beef jerky
 h - a slice of pizza
 p - 5 chunks of flesh


   Skills:
 + Level 0.7 Fighting
 + Level 0.2 Short Blades
 + Level 2.2 Dodging
 + Level 2.8 Stealth
 + Level 3.4 Spellcasting
 + Level 1.7 Conjurations
 + Level 0.1 Air Magic
 + Level 6.5 Poison Magic


You had 6 spell levels left.
You knew the following spells:

 Your Spells              Type           Power        Failure   Level  Hunger
a - Sting                 Conj/Pois      ##..         4%          1    #......
b - Mephitic Cloud        Conj/Pois/Air  #.......     24%         3    ###....


Dungeon Overview and Level Annotations

Branches:
Dungeon (3/15)

Altars:


Innate Abilities, Weirdness & Mutations

You are under a permanent stasis effect.
You can dig through walls and to a lower floor.
Your four strong arms can wield two-handed weapons with a shield.
You have a pair of large antennae on your head. (SInv)


Message History

Confirm with . or Enter, or press ? or * to list all spells.
Okay, then.
The gnoll closely misses you.
You aren't carrying any potions.
As you read the scroll of identify, it crumbles to dust.
i - a +0 whip of venom The gnoll hits you with a spear.
* * * LOW HITPOINT WARNING * * *
You barely miss the gnoll. The orc hits you but does no damage.
The gnoll barely misses you.
You hit the gnoll.
The gnoll is lightly wounded.
The orc hits you but does no damage. The gnoll barely misses you.
You hit the gnoll but do no damage.
The gnoll is lightly wounded.
The orc closely misses you. The gnoll closely misses you.
You hit the gnoll but do no damage.
The gnoll is lightly wounded.
The orc closely misses you. The gnoll hits you with a spear.
You die...

)....# #.#####.#.####..#..#.####
##...# #.#.......#..#..... #...#
########.#######.#.....#.#
#.#.###..)...........#.#.##..#.#
#.#..##.######.#####.#...(...#.#
#.#..##.# #.# #.#.#.....#.#
#.#...#{# #.# #.#.......#.#
##.#.#.#.# #g#####.#.##.....^)
##.......# #.@oo...#.##...#..#
##.####.###############.##......(
............... #..........
............... .........>.
##.#...g......# ...........
#.#o###..###.# ########### #.#.#
#.... # ...... #.#g# ..## ######
#.#g# ..#


You could see a gnoll and 2 orcs.

Vanquished Creatures
  An orc wizard (D:3)
  Terence (D:3)
  4 adders
  A worm (D:2)
  A dart slug (D:2)
  3 leopard geckos
  8 orcs (D:3)
  4 giant cockroaches
  4 goblins
  5 hobgoblins
  6 jackals
  3 ball pythons (D:1)
  7 bats
  6 frilled lizards
  5 kobolds
  12 rats
71 creatures vanquished.

Notes
Turn   | Place    | Note
-------+----------+-------------------------------------------
     0 | D:1      | jerryfan the Formicid Venom Mage began the quest for the Orb.
     0 | D:1      | Reached XP level 1. HP: 13/13 MP: 3/3
   112 | D:1      | Reached XP level 2. HP: 19/19 MP: 3/5
   648 | D:2      | Reached XP level 3. HP: 23/24 MP: 4/7
   651 | D:2      | Reached skill level 6 in Poison Magic
   878 | D:2      | Learned a level 3 spell: Mephitic Cloud
  1051 | D:2      | Reached skill level 1 in Conjurations
  1177 | D:2      | Reached XP level 4. HP: 30/30 MP: 8/8
  2269 | D:3      | Noticed Terence
  2353 | D:3      | Killed Terence
  2353 | D:3      | Reached XP level 5. HP: 36/36 MP: 9/9
  2931 | D:3      | Slain by a gnoll

Skill      XL: |  1  2  3  4 |
---------------+-------------+-----
Dodging        | 2 |  2.2
Poison Magic   | 6 |  6.5
Conjurations   | 1 |  1.7
Spellcasting   | 3 |  3.4
Fighting       | |  0.7
Short Blades   | |  0.2
Stealth        | |  2.8
Air Magic      | |  0.1

Action                   |  1- 3 |  4- 6 || total
-------------------------+-------+-------++-------
Melee: Whip              |    10 |       ||    10
       Dagger            |    38 |    57 ||    95
 Cast: Sting             |    48 |    75 ||   123
       Mephitic Cloud    |       |     4 ||     4
 Abil: Dig               |     1 |     5 ||     6
  Use: Scroll            |     6 |     3 ||     9
       Potion            |       |     2 ||     2
 Stab: Sleeping          |     2 |     1 ||     3
  Eat: Chunk             |     1 |     7 ||     8
Armor: Robe              |    18 |    13 ||    31
Dodge: Dodged            |    42 |    59 ||   101
